 Dungeon Crawl Stone Soup version 0.31-a0-150-g89dc3ad700 (webtiles) character file.

Game seed: 17254823604219428754

54 Drazool the Shooter (level 3, -2/21 HPs)
             Began as a Tengu Hunter on June 8, 2023.
             Slain by a gnoll
             ... wielding a +0 flail
              (13 damage)
             ... on level 1 of the Dungeon.
             The game lasted 00:03:37 (777 turns).

Drazool the Shooter (Tengu Hunter)                   Turns: 777, Time: 00:03:38

Health: -2/21      AC:  3    Str: 11    XL:     3   Next: 91%
Magic:  4/4        EV: 13    Int:  9    God:
Gold:   67         SH:  0    Dex: 19    Spells: 2/2 levels left

rFire   . . .        a - +0 shortbow
rCold   . . .        (shield currently unavailable)
rNeg    . . .        c - +0 leather armour
rPois   .            (helmet restricted)
rElec   .            (no cloak)
rCorr   .            (no gloves)
SInv    .            (boots unavailable)
Will    .....        (no amulet)
Stlth   ++           (no ring)
HPRegen 0.23/turn    (no ring)
MPRegen 0.09/turn

%: no passive effects
@: no status effects
A: beak, talons 3
a: no special abilities


You were on level 1 of the Dungeon.
You visited 1 branch of the dungeon, and saw 2 of its levels.

You collected 67 gold pieces.


Innate Abilities, Weirdness & Mutations

You have a beak for a mouth.
You have claws for feet.


   Skills:
 + Level 2.1 Fighting
 * Level 5.4 Ranged Weapons
 + Level 3.1 Dodging
 - Level 1.0 Stealth


You had 2 spell levels left.
You didn't know any spells.
Your spell library contained the following spells:

 Spells                   Type           Power      Damage    Failure   Level
 Magic Dart               Conj           0%         1d3       47%         1
 Call Imp                 Summ           0%         N/A       63%         2
 Mephitic Cloud           Conj/Pois/Air  0%         N/A       85%         3

Inventory:

Hand Weapons
 a - a +0 shortbow (weapon)
Armour
 c - a +0 leather armour (worn)
Scrolls
 b - a scroll of butterflies
 e - a scroll of amnesia {unknown}
 f - a scroll of enchant weapon
 g - a scroll of vulnerability

Dungeon Overview and Level Annotations

Branches:
Dungeon (2/15)

Altars:

.# #.# .# #.#
.# ####.#### .#
#.).....#
.######
#.#####.#
......# #.# #.#
.####.# #.# #.#
)## #.# #.# #.#
..###.#
#.#####@#
....#.#
#.....g>#
......##
####.####
...#...# #.#
##.....# #.#
##.#..######.#
# #..........[#
#####..########
.# #........#


You could see a gnoll.


Message History

A gnoll comes into view. It is wielding a +0 spear.
The gnoll moves out of view.
A gnoll comes into view. It is wielding a +0 flail.
You shoot an arrow. The gnoll shouts! x2
The arrow hits the gnoll.
The gnoll is moderately wounded.
You shoot an arrow. The arrow completely misses the gnoll.
You shoot an arrow. The arrow barely misses the gnoll.
You shoot an arrow. The arrow hits the gnoll.
The gnoll is moderately wounded.
You shoot an arrow. The arrow hits the gnoll.
The gnoll is severely wounded.
Fire: a) +0 shortbow
Press: ? - help, Q - select action Shift-Dir - straight line, f - gnoll, p - gnoll
Aim: a gnoll, wielding a +0 flail (68% to hit)
You shoot an arrow.
The arrow hits the gnoll but does no damage.
The gnoll hits you from afar with a +0 spear.
The gnoll misses you. The gnoll closely misses you.
The gnoll attacks as you move away! The gnoll closely misses you.
There is a stone staircase leading up here.
The gnoll closely misses you. The gnoll hits you with a +0 flail.
* * * LOW HITPOINT WARNING * * *
You climb upwards.
There is a stone staircase leading down here.
The gnoll barely misses you. The gnoll attacks as you move away!
The gnoll hits you with a +0 flail!
Ouch! That really hurt!
You die...

Skill      XL: |  1  2  3 |
---------------+----------+-----
Ranged Weapons | 5 |  5.4
Dodging        | 3 |  3.1
Fighting       | |  2.1
Stealth        | |  1.0

Action                     || total
---------------------------++-------
   Fire: Shortbow          ||    94
    Use: Scroll            ||     2
 Armour: Leather armour    ||     7
  Dodge: Dodged            ||    18

Levels and vault maps discovered:
D:1:      spicycebolla_arrival_xxxplode, layout_loops_ring,
          minmay_tiny_reverse_x
D:2:      layout_rooms, chequers_ecumenical_altar_simple, kennysheep_crisscross,
          minmay_misc_feat_enclosed, grunt_ministairs_2, patterned_corridor

Notes
Turn   | Place    | Note
-------+----------+-------------------------------------------
     0 | D:1      | Drazool the Tengu Hunter began the quest for the Orb.
     0 | D:1      | Reached XP level 1. HP: 12/12 MP: 2/2
    54 | D:1      | Reached XP level 2. HP: 17/17 MP: 3/3
   169 | D:1      | Reached skill level 5 in Ranged Weapons
   182 | D:1      | Reached XP level 3. HP: 21/21 MP: 4/4
   500 | D:1      | Reached skill level 3 in Dodging
   743 | D:2      | Found a faded altar of an unknown god.
   777 | D:1      | Slain by a gnoll

Vanquished Creatures
  A gnoll (D:2)
  A dart slug (D:1)
  2 bats (D:1)
  An endoplasm (D:2)
  9 giant cockroaches
  8 goblins (D:1)
  3 hobgoblins (D:1)
  2 kobolds (D:1)
  2 quokkas
  2 ball pythons (D:1)
  3 frilled lizards (D:1)
  3 rats (D:1)
37 creatures vanquished.

Table legend: (Time is in decaauts)
 A = Elapsed time spent in this place.
 B = Non-inter-level travel time spent in this place.
 C = Inter-level travel time spent in this place.
 D = Time resting spent in this place.
 E = Time spent auto-exploring this place.
 F = Levels seen in this place.
 G = Mean time per level.
                   A        B        C        D        E       F      G
               +--------+--------+--------+--------+--------+-----+--------+
         Total |    795 |    689 |    106 |      0 |    499 |   2 |  397.5 |
       Dungeon |    795 |    689 |    106 |      0 |    499 |   2 |  397.5 |
               +--------+--------+--------+--------+--------+-----+--------+

Top non-repeatable levels by time:
     D:1: 753 daAuts
     D:2: 41 daAuts

Table legend:
 A = Non-vault XP
 B = Vault XP
 C = Vault XP percentage of total XP
 D = Non-vault monster count
 E = Vault monster count
 F = Vault count percentage of total count
                 A         B        C        D         E       F
            +---------+---------+-------+---------+---------+-------
      Total |      72 |       6 |   7.7 |      34 |       3 |   8.1
            +---------+---------+-------+---------+---------+-------
        D:1 |      52 |       6 |  10.3 |      30 |       3 |   9.1
        D:2 |      20 |       0 |   0.0 |       4 |       0 |   0.0
            +---------+---------+-------+---------+---------+-------
